 Dungeon Crawl Stone Soup version 0.24.0-123-gd5b16e6ec5 (webtiles) character file.

Game seed: 2309475715179292201, levelgen mode: deterministic

532259 Johnny the Wrestler (level 25, -13/266 HPs)
             Began as a Troll Berserker on Jan 19, 2020.
             Was the Champion of Cheibriados.
             Mangled by a phantasmal warrior (23 damage)
             ... on level 5 of the Vaults.
             The game lasted 01:43:30 (48601 turns).

Johnny the Wrestler (Troll Berserker)              Turns: 48601, Time: 01:43:30

Health: -13/266    AC: 32    Str: 57    XL:     25   Next: 0%
Magic:  31/31      EV: 21    Int: 18    God:    Cheibriados [******]
Gold:   1264       SH:  0    Dex: 24    Spells: 21/36 levels left

rFire    + . .     SeeInvis +     - Unarmed
rCold    . . .     Gourm    +   (no shield)
rNeg     . . .     Faith    .   L - +10 storm dragon scales
rPois    +         Spirit   .   S - +2 hat
rElec    +         Reflect  .   K - scarf {cloud immunity}
rCorr    .         Harm     .   (gloves unavailable)
MR       ++...                  (boots unavailable)
Stlth    ..........             y - amulet "Yreuc" {Regen+ Slay+3 SInv}
HPRegen  1.34/turn              R - ring "Jyiketem" {rPois Stlth+}
MPRegen  0.22/turn              E - ring "Petinuha" {rF+ MR+}

@: confused, studying Charms, very slow
A: large, unfitting armour, claws 3, talons 1, fast metabolism 3, gourmand,
regeneration 1, shaggy fur 1, strong 1, tough skin 3
}: 2/15 runes: decaying, gossamer
a: Bend Time, Temporal Distortion, Slouch, Step From Time, Renounce Religion


You were on level 5 of the Vaults.
You worshipped Cheibriados.
Cheibriados was exalted by your worship.
You were very full.

You visited 8 branches of the dungeon, and saw 42 of its levels.
You visited the Abyss 1 time.
You visited 1 bazaar.
You also visited: Ossuary.

You collected 5207 gold pieces.
You spent 3943 gold pieces at shops.

Inventory:

Missiles
 D - 40 large rocks
 T - 2 throwing nets (quivered)
Armour
 K - a scarf of cloud immunity (worn)
 L - +10 storm dragon scales (worn)
 S - a +2 hat (worn)
 V - +0 shadow dragon scales
Jewellery
 i - an uncursed ring of stealth
 n - the amulet "Igyliuq" {Faith rPois rF++ rC+ MR-}
   (You found it on level 3 of the Elven Halls)

   [amulet of faith]

   It allows you to gain divine favour quickly.
   It greatly protects you from fire.
   It protects you from cold.
   It protects you from poison.
   It affects your resistance to hostile enchantments.
 y - the amulet "Yreuc" (around neck) {Regen+ Slay+3 SInv}
   (You bought it in a shop on level 1 of the Orcish Mines)

   [amulet of regeneration]

   It affects your accuracy and damage with ranged weapons and melee attacks
   (+3).
   It lets you see invisible.
   It increases your rate of regeneration.
 A - the amulet "Juhuschu" {Faith rElec Int+7}
   (You took it off a deep elf blademaster on level 3 of the Elven Halls)

   [amulet of faith]

   It allows you to gain divine favour quickly.
   It affects your intelligence (+7).
   It insulates you from electricity.
 E - the ring "Petinuha" (right claw) {rF+ MR+}
   (You found it on level 7 of the Dungeon)

   [ring of protection from magic]

   It protects you from fire.
   It affects your resistance to hostile enchantments.
 P - an uncursed ring of resist corrosion
 R - the ring "Jyiketem" (left claw) {rPois Stlth+}
   (You bought it in a shop on level 1 of the Orcish Mines)

   [ring of stealth]

   It protects you from poison.
   It makes you more stealthy.
Wands
 p - a wand of digging (1)
 x - a wand of acid (13)
 W - a wand of iceblast (9)
 X - a wand of scattershot (3)
Scrolls
 a - 7 scrolls of magic mapping
 d - 25 scrolls of remove curse
 k - a scroll of holy word
 q - 9 scrolls of immolation
 v - 2 scrolls of teleportation
 B - 3 scrolls of torment
 J - 9 scrolls of noise
 N - 3 scrolls of fear
 Q - 5 scrolls of identify
 U - 4 scrolls of vulnerability
Potions
 e - 12 potions of curing
 f - 4 potions of cancellation
 g - 8 potions of brilliance
 h - 5 potions of agility
 l - 7 potions of mutation
 m - 6 potions of might
 r - 4 potions of berserk rage
 s - 3 potions of haste
 t - 6 potions of flight
 u - 4 potions of magic
 C - 11 potions of lignification
 O - 5 potions of ambrosia
Books
 H - a manual of Charms
Miscellaneous
 o - a sack of spiders
 F - a lightning rod (4/4)
 G - a phial of floods (inert)
 I - a lamp of fire
 M - 2 phantom mirrors
Comestibles
 b - 85 rations
 c - 2 chunks of flesh


   Skills:
 * Level 18.3 Fighting
 + Level 13.2 Armour
 + Level 14.5 Dodging
 * Level 22.4 Unarmed Combat
 + Level 6.3 Spellcasting
 + Level 10.7 Translocations
 + Level 9.8 Transmutations
 + Level 1.3 Invocations


You had 21 spell levels left.
You knew the following spells:

 Your Spells              Type           Power        Failure   Level  Hunger
a - Blink                 Tloc           N/A          1%          2    None
b - Dragon Form           Tmut           #####.....   98%         7    #######
c - Statue Form           Tmut/Erth      ###......    99%         6    #######

Your spell library contained the following spells:

 Spells                   Type           Power        Failure   Level  Hunger
 Apportation              Tloc           #####.       1%          1    None
 Gell's Gravitas          Tloc           #####.....   1%          3    ##.....
 Lesser Beckoning         Tloc           #####.....   1%          3    ##.....
 Shroud of Golubria       Chrm/Tloc      ####..       3%          2    None
 Passwall                 Tmut/Erth      ###.....     4%          2    None
 Recall                   Summ/Tloc      N/A          8%          3    ##.....
 Animate Skeleton         Necr           N/A          22%         1    None
 Confusing Touch          Hex            #.....       22%         1    None
 Flame Tongue             Conj/Fire      #....        22%         1    None
 Freeze                   Ice            #...         22%         1    None
 Infusion                 Chrm           #...         22%         1    None
 Magic Dart               Conj           #...         22%         1    None
 Sandblast                Erth           #.....       22%         1    None
 Shock                    Conj/Air       #...         22%         1    None
 Sting                    Conj/Pois      #...         22%         1    None
 Summon Butterflies       Summ           #.......     22%         1    None
 Summon Small Mammal      Summ           #...         22%         1    None
 Petrify                  Tmut/Erth      ###.....     30%         4    ####...
 Call Imp                 Summ           #.......     34%         2    None
 Poisonous Vapours        Pois/Air       #.....       34%         2    None
 Slow                     Hex            #.......     34%         2    None
 Song of Slaying          Chrm           #.......     34%         2    None
 Swiftness                Chrm/Air       #.......     34%         2    None
 Throw Flame              Conj/Fire      #.....       34%         2    None
 Throw Frost              Conj/Ice       #.....       34%         2    None
 Hydra Form               Tmut           #####.....   54%         6    #######
 Call Canine Familiar     Summ           #.......     56%         3    ##.....
 Confuse                  Hex            #.......     56%         3    ##.....
 Conjure Flame            Conj/Fire      #.......     56%         3    ##.....
 Inner Flame              Hex/Fire       #.......     56%         3    ##.....
 Mephitic Cloud           Conj/Pois/Air  #.......     56%         3    ##.....
 Ozocubu's Armour         Chrm/Ice       #.......     56%         3    ##.....
 Regeneration             Chrm/Necr      #.........   56%         3    ##.....
 Spectral Weapon          Hex/Chrm       #.......     56%         3    ##.....
 Static Discharge         Conj/Air       #.......     56%         3    ##.....
 Stone Arrow              Conj/Erth      #.....       56%         3    ##.....
 Summon Guardian Golem    Hex/Summ       #.......     56%         3    ##.....
 Tukima's Dance           Hex            #.......     56%         3    ##.....
 Summon Forest            Summ/Tloc      ####......   56%         5    #####..
 Alistair's Intoxication  Tmut/Pois      ###.....     65%         5    #####..
 Irradiate                Conj/Tmut      ###.......   65%         5    #####..
 Yara's Violent Unravell  Hex/Tmut       ###.......   65%         5    #####..
 Airstrike                Air            #.........   92%         4    ####...
 Olgreb's Toxic Radiance  Pois           #.......     92%         4    ####...
 Sticky Flame             Conj/Fire      #.......     92%         4    ####...
 Summon Ice Beast         Ice/Summ       #.......     92%         4    ####...
 Summon Lightning Spire   Summ/Air       #.......     92%         4    ####...
 Throw Icicle             Conj/Ice       #.......     92%         4    ####...
 Aura of Abjuration       Summ           #.........   99%         5    #####..
 Bolt of Magma            Conj/Fire/Erth #.........   99%         5    #####..
 Fireball                 Conj/Fire      #.........   99%         5    #####..
 Iskenderun's Battlesphe  Conj/Chrm      #.......     99%         5    #####..
 Lee's Rapid Deconstruct  Erth           #.........   99%         5    #####..
 Lightning Bolt           Conj/Air       #.........   99%         5    #####..
 Metabolic Englaciation   Hex/Ice        #.........   99%         5    #####..
 Summon Demon             Summ           #.........   99%         5    #####..
 Summon Mana Viper        Hex/Summ       #.......     99%         5    #####..
 Venom Bolt               Conj/Pois      #.........   99%         5    #####..
 Freezing Cloud           Conj/Ice/Air   #.........   100%        6    #######
 Invisibility             Hex            #.......     100%        6    #######
 Iron Shot                Conj/Erth      #.........   100%        6    #######
 Shadow Creatures         Summ           N/A          100%        6    #######
 Haunt                    Necr/Summ      #.........   100%        7    #######
 Orb of Destruction       Conj           #.........   100%        7    #######
 Ring of Flames           Chrm/Fire      #.........   100%        7    #######
 Spellforged Servitor     Conj/Summ      #.........   100%        7    #######
 Borgnjor's Revivificati  Necr           #.........   100%        8    #######
 Death's Door             Chrm/Necr      #.........   100%        8    #######
 Ignition                 Fire           #.........   100%        8    #######
 Infestation              Necr           #.........   100%        8    #######
 Necromutation            Tmut/Necr      ###.......   100%        8    #######
 Shatter                  Erth           #.........   100%        9    #######
 Tornado                  Air            #.........   100%        9    #######


Dungeon Overview and Level Annotations

Branches:
Dungeon (15/15)            Temple (0/1) D:4            Lair (6/6) D:8
  Swamp (4/4) Lair:3       Spider (4/4) Lair:3        Slime (0/5) Lair:5
    Orc (2/2) D:11            Elf (3/3) Orc:2        Vaults (5/5) D:14
  Crypt (0/3) Vaults:2     Depths (3/5) D:15        Ossuary (visited)

Altars:
Ashenzari
Cheibriados
Dithmenos
Fedhas
Gozag
Makhleb
Nemelex Xobeh
Okawaru
Ru
Sif Muna
Trog
Uskayaw
Vehumet
Yredelemnul
Zin
Beogh
Jiyva

Shops:
D:6 ?   D:9 :   D:10 [   D:11 (   D:12 :   D:13 (   Orc:1 =   Orc:2 [[:(
Elf:3 ?   Vaults:3 :   Vaults:4 [

Portals:
Hell: Depths:1 Depths:2
Ziggurat: Depths:2

Annotations:
D:9 exclusion: statue
Lair:2 2 transporters, Weugil's ghost, journeyman HaBe
Swamp:3 Roxanne
Vaults:5 Boris


Innate Abilities, Weirdness & Mutations

You are too large for most types of armour.
You have claws for hands.
Your metabolism is lightning-fast.
You like to eat raw meat.
Your natural rate of healing is unusually fast.
You are covered in fur. (AC +1)
You have extremely tough skin. (AC +3)
You have sharp toenails.
Your muscles are strong. (Str +2)


Message History

Boris is empowered by the deep elf high priest's aura!
The deep elf high priest invokes the aid of its god against you.
The sphere of damnation explodes!
The damnation engulfs you!
* * * LOW HITPOINT WARNING * * *
The phantasmal warrior blinks!
The tengu reaver points at you and mumbles some strange words.
The bolt of magma misses you.
The bolt of magma hits the phantasmal warrior!
The phantasmal warrior blinks!
You hear a shout!
You bump into the heavily etched metal wall.
The tengu reaver hits you with a +6 battleaxe of electrocution!
* * * LOW HITPOINT WARNING * * *
The tengu reaver pecks you but does no damage.
The tengu reaver misses you.
The deep elf high priest calls down the wrath of its god upon you.
Something smites you!
* * * LOW HITPOINT WARNING * * *
The phantasmal warrior hits you!!
You die...

.#..... .....).
######)).y .......)W)
........)) ......).p<
..e.....))
#####################).)
......W@Q.eCL)*)))##Q§..
################Wpp(.C#.
##)p).##. ##..W##.
##W..#. ##).#. ##.# .#
.#


You could see Boris (invisible), a fire giant, a tengu reaver, a deep elf high
priest, a phantasmal warrior and a battlesphere.

Vanquished Creatures
  Mara (Vaults:5)
  An ancient lich (Vaults:5)
  Sojobo (Vaults:5)
  Boris (Vaults:3)
  A caustic shrike (shapeshifter) (D:15)
  3 golden dragons
  Nikola (Swamp:3)
  Arachne (Spider:3)
  A bone dragon (Abyss:4)
  Jorgrun (Spider:2)
  A tentacled monstrosity (Vaults:4)
  Asterion (Elf:2)
  4 liches
  2 quicksilver dragons (Vaults:5)
  3 deep elf master archers (Elf:3)
  2 deep elf blademasters (Elf:3)
  3 titans
  A sphinx (shapeshifter) (Vaults:5)
  Frances (Swamp:2)
  A sphinx (Vaults:5)
  A tentacled starspawn (Abyss:4)
  4 tengu reavers
  Kirke (D:15)
  3 shadow dragons
  3 thorn hunters
  Agnes (Spider:2)
  A storm dragon (Vaults:4)
  Donald (Spider:4)
  9 fire giants
  5 frost giants
  16 vault wardens
  6 emperor scorpions
  5 ghost moths
  A cacodemon (Abyss:4)
  3 deep elf elementalists
  A ghoul (Vaults:2)
  Aizul (Elf:2)
  16 ironheart preservers
  8 deep elf sorcerers
  A war gargoyle (Vaults:4)
  15 very ugly things
  24 stone giants
  3 entropy weavers
  4 vampire knights
  8 deep elf demonologists
  2 dire elephants (Depths:2)
  Nessos (D:15)
  10 deep elf annihilators
  4 spark wasps
  The ghost of Nutum the Martial Artist, a journeyman OpTm of Okawaru (Lair:6)
  5 deep elf death magi
  12 ettins
  10 fire dragons
  A great orb of eyes (shapeshifter) (Vaults:4)
  42 vault guards
  13 yaktaur captains
  5 rakshasas
  5 deep elf high priests
  3 great orbs of eyes
  2 ice dragons (Depths:2)
  7 centaur warriors
  2 ghost crabs (Swamp:3)
  25 hydras
  Erica (D:11)
  An anaconda (shapeshifter) (Vaults:5)
  The ghost of doomedcactus the Grappler, a novice TrMo of Wu Jian (D:10)
  2 shambling mangroves
  4 catoblepae (Lair:6)
  3 death knights
  15 ogre magi
  48 two-headed ogres
  16 deep troll shamans
  26 dancing weapons
  9 death yaks (Lair:6)
  12 alligators
  A death yak (shapeshifter) (Depths:2)
  10 deep troll earth magi
  5 orc high priests (Orc:2)
  3 hell hogs (Abyss:4)
  A vampire mage (Vaults:2)
  25 deep elf knights
  Nergalle (Lair:3)
  4 hell knights (Depths:2)
  A wretched star (Abyss:4)
  3 iron trolls
  A sixfirhy (Abyss:4)
  7 unseen horrors
  A spriggan druid (Swamp:4)
  4 wizards
  34 deep trolls
  A sea snake (shapeshifter) (D:15)
  11 swamp dragons
  2 glowing orange brains
  2 unseen horrors (shapeshifter) (Vaults:1)
  A tengu zombie (Vaults:2)
  A shadow dragon zombie (Depths:1)
  9 orc knights
  16 ironbrand convokers
  16 deep elf archers
  8 necromancers
  4 phantasmal warriors
  A fire giant zombie (Depths:2)
  2 orc sorcerers
  37 wolf spiders
  33 ugly things
  44 deep elf magi
  15 cyclopes
  16 orb spiders
  2 salamanders (shapeshifter)
  4 manticores
  A black mamba (shapeshifter) (Elf:3)
  A moth of wrath (Spider:4)
  5 black mambas
  7 vault sentinels
  16 elephants
  A stone giant skeleton (Depths:2)
  2 eyes of devastation (shapeshifter)
  An elf zombie (Depths:2)
  A torpor snail (Spider:1)
  An orange demon (Abyss:4)
  2 gargoyles (D:14)
  14 spiny frogs
  5 spectral swamp worms (Depths:2)
  3 kobold demonologists (D:15)
  6 komodo dragons
  A smoke demon (Abyss:4)
  A yaktaur zombie (Vaults:2)
  A yaktaur (shapeshifter) (Depths:1)
  2 rime drakes
  9 demonic crawlers
  5 freezing wraiths
  57 yaktaurs
  An efreet (D:15)
  4 tengu conjurers
  An ancient zyme (Abyss:4)
  45 jumping spiders
  A meliai (shapeshifter) (Vaults:4)
  13 trolls
  A wind drake (shapeshifter) (Depths:3)
  20 polar bears
  A tengu simulacrum (Vaults:3)
  9 tyrant leeches
  15 hornets
  18 blink frogs
  11 bog bodies
  7 dream sheep (Lair:5)
  A shadow dragon simulacrum (Vaults:3)
  21 slime creatures
  A snapping turtle (shapeshifter) (Vaults:5)
  A fire giant simulacrum (Vaults:2)
  An air elemental (Elf:3)
  6 hippogriffs
  A deep troll skeleton (Depths:1)
  A human simulacrum (Vaults:2)
  85 redbacks
  A spriggan (Swamp:4)
  2 shadows (Swamp:2)
  A large abomination (Abyss:4)
  31 tarantellas
  A spriggan skeleton (Depths:2)
  A small abomination (Abyss:4)
  3 wraiths
  45 yaks
  A ynoxinul (Abyss:4)
  A vampire (D:15)
  3 humans
  A basilisk (shapeshifter) (Vaults:1)
  A fire bat (Abyss:4)
  An ettin skeleton (Vaults:3)
  3 fire elementals
  A golden eye (shapeshifter) (Vaults:4)
  2 wyverns
  10 vampire mosquitoes
  2 hogs (D:7)
  4 basilisks
  A steam dragon (Lair:5)
  4 hungry ghosts
  18 swamp worms
  5 wargs
  Edmund (D:6)
  4 insubstantial wisps (Swamp:2)
  8 water moccasins
  4 acid dragons
  12 swamp drakes
  4 porcupines
  32 orc warriors
  6 sky beasts
  12 black bears
  An eye of draining (D:13)
  A fire dragon simulacrum (Depths:1)
  7 ice beasts
  15 boggarts
  A necrophage (D:8)
  A hornet zombie (D:7)
  10 wolves
  50 ogres
  5 centaurs
  11 crocodiles
  3 earth elementals
  15 bullfrogs
  A water moccasin zombie (D:10)
  A wyvern skeleton (D:13)
  5 scorpions
  7 killer bees
  2 howler monkeys
  5 wights (D:12)
  8 electric eels
  6 crimson imps
  5 centaur zombies
  2 quasits
  2 bullfrog zombies
  4 human zombies
  A yaktaur simulacrum (Vaults:1)
  9 hounds
  A gnoll shaman (D:6)
  36 orc wizards
  6 bullfrog skeletons
  27 orc priests
  7 centaur skeletons
  3 jellies
  Ijyb (D:3)
  An iguana (D:13)
  7 worker ants
  A big kobold zombie (Ossuary)
  A hound skeleton (D:9)
  3 mummies (Ossuary)
  2 worker ant zombies
  17 adders
  8 gnolls
  A howler monkey skeleton (D:7)
  6 shadow imps
  3 adder skeletons
  3 worms
  A dart slug (D:3)
  2 leopard geckos
  79 orcs
  2 ball pythons
  9 giant cockroaches
  3 gnoll zombies
  11 hobgoblins
  3 jackals
  7 kobolds
  8 quokkas
  13 bats
  5 frilled lizards
  10 goblins
  A goblin zombie (Ossuary)
  A hobgoblin zombie (Ossuary)
  A kobold zombie (Ossuary)
  An orc zombie (Ossuary)
  8 rats
  A fungus (Swamp:4)
  A plant (Swamp:4)
  2 starspawn tentacles (Abyss:4)
1900 creatures vanquished.

Vanquished Creatures (collateral kills)
  A thorn hunter (Swamp:1)
  Louise (D:15)
  A two-headed ogre (D:10)
  An alligator (Swamp:4)
  A tengu warrior (D:14)
  A deep elf knight (Elf:2)
  3 orb spiders
  An orc knight (Orc:2)
  2 orc sorcerers (Orc:2)
  6 ugly things (D:14)
  A gargoyle (D:15)
  A tarantella (Spider:1)
  2 jumping spiders
  A hornet (Spider:4)
  2 redbacks
  A water elemental (D:14)
  An acid dragon (D:15)
  A warg (Orc:2)
  A black bear (D:7)
  An ogre (D:7)
  A crocodile (Lair:3)
  3 orc priests (Orc:2)
  5 orc wizards (Orc:2)
  5 orcs (Orc:2)
44 creatures vanquished.

Vanquished Creatures (others)
  An entropy weaver (Spider:1)
  A glowing orange brain (D:15)
  2 orb spiders
  A hornet (Swamp:4)
  4 ugly things (Depths:2)
  A wolf spider (Spider:3)
  A tarantella (Spider:1)
  2 trolls
  A polar bear (Swamp:2)
  A raiju (Abyss:4)
  2 redbacks
  2 chaos spawn (Abyss:4)
  A swamp drake (Swamp:3)
  A centaur (Abyss:4)
  2 boggarts (Vaults:1)
  An orc wizard (Orc:2)
  A briar patch (Swamp:2)
  A crawling corpse (Vaults:5)
  2 fire vortices (Abyss:4)
  11 fungi
  12 plants
  2 starspawn tentacles (Abyss:4)
53 creatures vanquished.

Grand Total: 1997 creatures vanquished

Notes
Turn   | Place    | Note
-------+----------+-------------------------------------------
     0 | D:1      | Johnny the Troll Berserker began the quest for the Orb.
     0 | D:1      | Reached XP level 1. HP: 22/22 MP: 0/0
   209 | D:1      | Reached XP level 2. HP: 29/29 MP: 1/1
   799 | D:2      | Reached XP level 3. HP: 32/36 MP: 2/2
   809 | D:2      | Reached ** piety under Trog
  1002 | D:2      | Reached skill level 4 in Unarmed Combat
  1092 | D:2      | Reached XP level 4. HP: 44/44 MP: 3/3
  1609 | D:3      | Noticed Ijyb
  1615 | D:3      | Reached XP level 5. HP: 53/53 MP: 4/4
  1621 | D:3      | Killed Ijyb
  1760 | D:3      | Reached *** piety under Trog
  1785 | D:3      | Found an iron altar of Okawaru.
  2205 | D:3      | Reached skill level 5 in Unarmed Combat
  2236 | D:3      | Found a shimmering blue altar of Sif Muna.
  2303 | D:4      | Reached XP level 6. HP: 57/61 MP: 5/5
  2436 | D:4      | Found a staircase to the Ecumenical Temple.
  2568 | D:4      | Reached skill level 6 in Unarmed Combat
  2579 | D:4      | Reached XP level 7. HP: 68/68 MP: 6/6
  2787 | D:4      | Found Haremip's Food Emporium.
  2983 | D:4      | Found a hide-covered altar of Uskayaw.
  3020 | D:5      | Entered Level 5 of the Dungeon
  3288 | D:5      | Reached **** piety under Trog
  3290 | D:5      | Reached skill level 7 in Unarmed Combat
  3394 | D:5      | Found a shadowy altar of Dithmenos.
  3588 | D:5      | Reached XP level 8. HP: 77/79 MP: 7/7
  3589 | D:5      | Found a snail-covered altar of Cheibriados.
  3708 | D:6      | Found Gihib's Magic Scroll Shoppe.
  3724 | D:6      | Bought a scroll of fog for 24 gold pieces
  3724 | D:6      | Bought a scroll of teleportation for 36 gold pieces
  3724 | D:6      | Bought a scroll of blinking for 90 gold pieces
  3724 | D:6      | Bought a scroll of remove curse for 36 gold pieces
  3724 | D:6      | Bought a scroll of teleportation for 36 gold pieces
  3949 | D:6      | Noticed Edmund
  3960 | D:6      | Killed Edmund
  3960 | D:6      | Reached skill level 5 in Fighting
  3960 | D:6      | Reached skill level 5 in Dodging
  3960 | D:6      | Reached skill level 8 in Unarmed Combat
  4123 | D:6      | Found a shattered altar of Ashenzari.
  4405 | D:7      | Found a burning altar of Makhleb.
  4457 | D:7      | Reached skill level 9 in Unarmed Combat
  4457 | D:7      | Reached XP level 9. HP: 88/88 MP: 8/8
  4582 | D:7      | Reached ***** piety under Trog
  4621 | D:7      | Got a sparkling lapis lazuli ring
  4650 | D:7      | Identified the ring "Petinuha" {rF+ MR+} (You found it on
                  | level 7 of the Dungeon)
  4776 | D:7      | Reached skill level 10 in Unarmed Combat
  4908 | D:7      | Found an opulent altar of Gozag.
  5114 | D:8      | Found Zin's Purification Station.
  5114 | D:8      | Found a glowing silver altar of Zin.
  5152 | D:8      | Bought a potion of curing for 90 gold pieces
  5425 | D:8      | Found a basalt altar of Yredelemnul.
  5473 | D:8      | Found a sand-covered staircase.
  5478 | Ossuary  | Entered an ossuary
  5758 | D:8      | Found a staircase to the Lair.
  5926 | D:9      | Reached XP level 10. HP: 74/100 MP: 9/9
  6205 | D:9      | Found a shadowy altar of Dithmenos.
  6206 | D:9      | Found a blossoming altar of Fedhas.
  6206 | D:9      | Found a sacrificial altar of Ru.
  6207 | D:9      | Found a bloodstained altar of Trog.
  6331 | D:9      | Found a radiant altar of Vehumet.
  6496 | D:9      | Found Waemam's Book Shoppe.
  6799 | D:10     | Entered Level 10 of the Dungeon
  6814 | D:10     | Reached skill level 11 in Unarmed Combat
  6891 | D:10     | Found a runed translucent door.
  7068 | D:10     | Found Ixtobuf's Antique Armour Emporium.
  7098 | D:10     | Reached skill level 1 in Armour
  7270 | D:10     | Found a transporter.
  7271 | D:10     | Found a transporter.
  7286 | D:10     | Noticed a two-headed ogre
  7286 | D:10     | Noticed doomedcactus's ghost (novice TrMo)
  7286 | D:10     | Identified the cursed +0 dire flail "Kyisuchoq" {protect,
                  | Stlth+}
  7286 | D:10     | Noticed a two-headed ogre
  7583 | D:10     | Received a gift from Trog
  7659 | D:10     | Found a roughly hewn altar of Beogh.
  7815 | D:11     | Noticed a cyclops
  7892 | D:11     | Killed a cyclops
  8089 | D:11     | Noticed a two-headed ogre
  8096 | D:11     | Killed a two-headed ogre
  8096 | D:11     | Reached skill level 12 in Unarmed Combat
  8096 | D:11     | Reached XP level 11. HP: 62/109 MP: 10/10
  8196 | D:11     | Found Hequfeen's Antique Weapon Shop.
  8422 | D:11     | Noticed a cyan ugly thing
  8426 | D:11     | Killed a cyan ugly thing
  8568 | D:11     | Noticed Erica
  8575 | D:11     | Killed Erica
  8631 | D:11     | Noticed a brown ugly thing
  8652 | D:11     | Killed a brown ugly thing
  8680 | D:11     | Found a staircase to the Orcish Mines.
  8743 | D:11     | Noticed a brown ugly thing
  8752 | D:11     | Killed a brown ugly thing
  8767 | D:11     | Noticed a six-headed hydra
  8771 | D:11     | Killed a six-headed hydra
  8858 | D:12     | Reached skill level 13 in Unarmed Combat
  8924 | D:12     | Found Buqaufar's Book Shoppe.
  8982 | D:12     | You fall into a shaft and drop 1 floor!
  9099 | D:13     | Found Jaidduo's Weapon Shoppe.
  9184 | D:13     | Reached ****** piety under Trog
  9272 | D:12     | Noticed a seven-headed hydra
  9278 | D:12     | Killed a seven-headed hydra
  9278 | D:12     | Received a gift from Trog
  9278 | D:12     | Reached XP level 12. HP: 59/122 MP: 11/11
 10283 | D:13     | Reached skill level 5 in Armour
 10521 | D:14     | Paralysed by a hornet for 2 turns
 10526 | D:14     | Paralysed by a hornet for 3 turns
 10875 | D:14     | Reached skill level 14 in Unarmed Combat
 10887 | D:14     | Noticed a tengu warrior
 10908 | D:14     | Killed a tengu warrior
 11102 | D:14     | Noticed a vault guard
 11104 | D:14     | Noticed a vault guard
 11176 | D:15     | Entered Level 15 of the Dungeon
 11405 | D:15     | Noticed Kirke
 11417 | D:15     | Killed Kirke
 11417 | D:15     | Reached XP level 13. HP: 133/133 MP: 12/12
 11470 | D:15     | Reached skill level 10 in Fighting
 11549 | D:15     | Noticed Nessos
 11567 | D:15     | Killed Nessos
 11848 | D:15     | Noticed Louise
 11861 | D:15     | Killed Louise
 12026 | D:15     | Received a gift from Trog
 12183 | D:15     | Found a staircase to the Depths.
 12423 | D:15     | Reached skill level 15 in Unarmed Combat
 12634 | D:15     | Noticed an iron giant
 12638 | D:15     | Noticed a caustic shrike
 12638 | D:15     | an iron giant changed into a caustic shrike
 12655 | D:15     | Killed a caustic shrike
 12896 | Lair:1   | Entered Level 1 of the Lair of Beasts
 13153 | Lair:1   | Was placed under penance by Trog
 13156 | Lair:1   | Learned a level 2 spell: Blink
 13665 | Lair:2   | Reached XP level 14. HP: 142/146 MP: 13/13
 13784 | Lair:2   | Found a radiant altar of Vehumet.
 13791 | Lair:2   | Was forgiven by Trog
 13830 | Lair:2   | Found a transporter.
 13830 | Lair:2   | Found a transporter.
 13832 | Lair:2   | Noticed Weugil's ghost (journeyman HaBe)
 14188 | Lair:2   | Reached skill level 1 in Translocations
 14421 | Lair:3   | Noticed Nergalle
 14435 | Lair:3   | Killed Nergalle
 14612 | Lair:3   | Found a hole to the Spider Nest.
 14633 | Lair:3   | Reached skill level 10 in Dodging
 15234 | Lair:3   | Found a staircase to the Swamp.
 15443 | Lair:4   | You fall into a shaft and drop 2 floors!
 15443 | Lair:6   | Entered Level 6 of the Lair of Beasts
 15774 | Lair:6   | Reached skill level 16 in Unarmed Combat
 16717 | Lair:5   | Found a viscous altar of Jiyva.
 16717 | Lair:5   | Found a staircase to the Slime Pits.
 16885 | Lair:4   | Reached XP level 15. HP: 153/156 MP: 14/14
 17745 | Lair:6   | Found a runed translucent gate.
 17745 | Lair:6   | Found a runed translucent gate.
 17745 | Lair:6   | Found a runed translucent gate.
 17747 | Lair:6   | Noticed Nutum's ghost (journeyman OpTm)
 18227 | Lair:6   | Killed Nutum's ghost
 18441 | Orc:1    | Entered Level 1 of the Orcish Mines
 18441 | Orc:1    | Found Cuavagitunk's Jewellery Boutique.
 18576 | Orc:1    | Bought the amulet "Yreuc" {Regen+ Slay+3 SInv} for 699 gold
                  | pieces
 18842 | Orc:2    | Entered Level 2 of the Orcish Mines
 19087 | Orc:2    | Received a gift from Trog
 19399 | Orc:2    | Found Noineuq's Antique Weapon Shop.
 19399 | Orc:2    | Found Inomud's Antique Armour Boutique.
 19400 | Orc:2    | Found Enaahamn's Food Boutique.
 19403 | Orc:2    | Found Suim's Book Shop.
 19424 | Orc:2    | Found Vimnomn's Armour Emporium.
 19600 | Orc:2    | Found a staircase to the Elven Halls.
 19813 | Orc:2    | Bought a book of Transfigurations for 770 gold pieces
 19813 | Orc:2    | Was placed under penance by Trog
 19821 | Orc:2    | Learned a level 7 spell: Dragon Form
 20006 | D:10     | Killed doomedcactus's ghost
 20106 | D:5      | Fell from the grace of Trog
 20106 | D:5      | Became a worshipper of Cheibriados the Contemplative
 20282 | Orc:1    | Bought the ring "Jyiketem" {rPois Stlth+} for 373 gold
                  | pieces
 20497 | Swamp:1  | Entered Level 1 of the Swamp
 20497 | Swamp:1  | Noticed a thorn hunter
 20509 | Lair:3   | Killed a thorn hunter
 20700 | Swamp:1  | Reached skill level 1 in Transmutations
 20834 | Swamp:1  | Noticed a thorn hunter
 20846 | Swamp:1  | Killed a thorn hunter
 20846 | Swamp:1  | Reached skill level 17 in Unarmed Combat
 21011 | Swamp:1  | Paralysed by Trog for 2 turns
 21052 | Swamp:1  | Reached * piety under Cheibriados
 21463 | Swamp:2  | Noticed a thorn hunter
 21479 | Swamp:2  | Killed a thorn hunter
 21485 | Swamp:2  | Noticed Frances
 21491 | Swamp:2  | Killed Frances
 21603 | Swamp:2  | Reached XP level 16. HP: 169/169 MP: 15/15
 21656 | Swamp:2  | Paralysed by Trog for 5 turns
 21752 | Swamp:2  | Reached ** piety under Cheibriados
 22290 | Swamp:3  | Noticed Nikola
 23149 | Swamp:3  | Identified Roxanne's Catalogue of the Mountains
 23149 | Swamp:3  | Noticed Roxanne
 23263 | Swamp:3  | Killed Nikola
 23985 | Elf:1    | Entered Level 1 of the Elven Halls
 24007 | Elf:1    | Reached *** piety under Cheibriados
 24007 | Elf:1    | Reached skill level 5 in Translocations
 25456 | Elf:2    | Reached **** piety under Cheibriados
 25459 | Elf:2    | Found a huge runed translucent gate.
 25459 | Elf:2    | Found a huge runed translucent gate.
 25459 | Elf:2    | Found a huge runed translucent gate.
 25462 | Elf:2    | Found a huge runed translucent gate.
 25463 | Elf:2    | Found a huge runed translucent gate.
 26259 | Elf:2    | Noticed Asterion
 26442 | Elf:2    | Paralysed by Trog for 2 turns
 26669 | Elf:2    | Reached XP level 17. HP: 155/174 MP: 10/16
 26759 | Elf:2    | Cast into level 4 of the Abyss (+2 quick blade of
                  | distortion)
 26842 | Abyss:4  | Found a corrupted altar of Lugonu.
 26896 | Abyss:4  | Noticed a bone dragon
 26902 | Abyss:4  | Reached skill level 18 in Unarmed Combat
 26916 | Abyss:4  | Killed a bone dragon
 27061 | Abyss:4  | Gained mutation: You are occasionally teleported next to
                  | monsters. [a cacodemon]
 27102 | Elf:2    | Escaped the Abyss
 27116 | Elf:2    | Noticed Aizul
 27243 | Elf:2    | Killed Asterion
 27243 | Elf:2    | Reached ***** piety under Cheibriados
 27535 | Elf:2    | Killed Aizul
 27898 | Elf:3    | Entered Level 3 of the Elven Halls
 27968 | Elf:3    | Noticed a deep elf blademaster
 27969 | Elf:3    | Found the +2 robe of Vines {NoPotionHeal Regen+7}
 27976 | Elf:3    | Noticed a deep elf master archer
 27977 | Elf:3    | Noticed a deep elf master archer
 27977 | Elf:3    | Killed a deep elf blademaster
 27982 | Elf:3    | Reached XP level 18. HP: 123/189 MP: 17/17
 27983 | Elf:3    | Reached skill level 10 in Armour
 27983 | Elf:3    | Reached XP level 19. HP: 130/198 MP: 18/18
 27984 | Elf:3    | Lost mutation: You are occasionally teleported next to
                  | monsters. [potion of mutation]
 27984 | Elf:3    | Gained mutation: Your muscles are strong. (Str +2) [potion
                  | of mutation]
 27984 | Elf:3    | Gained mutation: You have sharp toenails. [potion of
                  | mutation]
 28032 | Elf:3    | Identified the amulet "Juhuschu" {Faith rElec Int+7}
 28238 | Elf:3    | Noticed a Brimstone Fiend
 28451 | Elf:3    | Found Qullas's Magic Scroll Shoppe.
 28460 | Elf:3    | Bought a scroll of identify for 20 gold pieces
 28460 | Elf:3    | Bought a scroll of fear for 35 gold pieces
 28460 | Elf:3    | Bought 2 scrolls of enchant armour for 150 gold pieces
 28460 | Elf:3    | Bought a scroll of identify for 20 gold pieces
 28460 | Elf:3    | Bought a scroll of identify for 20 gold pieces
 28460 | Elf:3    | Bought a scroll of immolation for 35 gold pieces
 28493 | Elf:3    | Found a runed translucent door.
 28511 | Elf:3    | Reached skill level 5 in Transmutations
 28591 | Elf:3    | Got a heavily runed sapphire amulet
 28594 | Elf:3    | Identified the amulet "Igyliuq" {Faith rPois rF++ rC+ MR-}
                  | (You found it on level 3 of the Elven Halls)
 29093 | Elf:3    | Identified the +4 scimitar "Opheac" {slice, +Fly Int+5
                  | Dex-3}
 29342 | Elf:3    | Reached XP level 20. HP: 140/209 MP: 19/19
 29413 | Elf:3    | Reached skill level 19 in Unarmed Combat
 29847 | Elf:3    | Got a polished shield
 29849 | Elf:3    | Identified the +2 shield "Nenyxeh" {rN+ Dex+4} (You found
                  | it on level 3 of the Elven Halls)
 30204 | Spider:1 | Entered Level 1 of the Spider Nest
 30219 | Spider:1 | Reached ****** piety under Cheibriados
 30305 | Spider:1 | Reached skill level 15 in Fighting
 30308 | Spider:1 | Paralysed by a hornet for 2 turns
 30852 | Spider:2 | Noticed Jorgrun
 30978 | Spider:2 | Noticed Agnes
 30987 | Spider:2 | Killed Agnes
 30998 | Spider:2 | Killed Jorgrun
 31482 | Spider:2 | Learned a level 6 spell: Statue Form
 31517 | Spider:2 | You fall into a shaft and drop 1 floor!
 32017 | Spider:3 | Noticed Arachne
 32060 | Spider:3 | Killed Arachne
 32660 | Spider:4 | Entered Level 4 of the Spider Nest
 33656 | Spider:4 | Noticed Donald
 33659 | Spider:4 | Killed Donald
 33666 | Spider:4 | Reached skill level 1 in Spellcasting
 34170 | Spider:4 | Identified a scroll of acquirement
 34729 | Spider:4 | Reached XP level 21. HP: 51/221 MP: 0/22
 34840 | Spider:4 | Got a gossamer rune of Zot
 34881 | Spider:4 | Was forgiven by Trog
 35751 | Swamp:4  | Entered Level 4 of the Swamp
 36073 | Swamp:4  | Got a decaying rune of Zot
 36805 | D:4      | Bought a ration for 60 gold pieces
 36805 | D:4      | Bought a ration for 60 gold pieces
 36805 | D:4      | Bought a ration for 60 gold pieces
 36805 | D:4      | Bought a ration for 60 gold pieces
 36805 | D:4      | Bought a ration for 60 gold pieces
 36805 | D:4      | Bought a ration for 60 gold pieces
 36805 | D:4      | Bought a ration for 60 gold pieces
 36805 | D:4      | Bought a ration for 60 gold pieces
 36805 | D:4      | Bought a ration for 60 gold pieces
 36805 | D:4      | Bought a ration for 60 gold pieces
 36809 | D:4      | Got a faintly humming animal skin
 36811 | D:4      | Identified the +1 animal skin "Vusaoj" {Regen+ Str+2 Int+2}
                  | (You acquired it on level 4 of the Dungeon)
 37023 | Orc:2    | Bought a ration for 50 gold pieces
 37023 | Orc:2    | Bought a ration for 50 gold pieces
 37023 | Orc:2    | Bought a ration for 50 gold pieces
 37023 | Orc:2    | Bought a ration for 50 gold pieces
 37023 | Orc:2    | Bought a ration for 50 gold pieces
 37023 | Orc:2    | Bought a ration for 50 gold pieces
 37023 | Orc:2    | Bought a ration for 50 gold pieces
 37023 | Orc:2    | Bought a ration for 50 gold pieces
 37023 | Orc:2    | Bought a ration for 50 gold pieces
 37023 | Orc:2    | Bought a ration for 50 gold pieces
 37023 | Orc:2    | Bought a ration for 50 gold pieces
 37023 | Orc:2    | Bought a ration for 50 gold pieces
 37023 | Orc:2    | Bought a ration for 50 gold pieces
 37249 | D:14     | Found a gate to the Vaults.
 37319 | Vaults:1 | Entered Level 1 of the Vaults
 37367 | Vaults:1 | Reached skill level 20 in Unarmed Combat
 37506 | Depths:1 | Entered Level 1 of the Depths
 38568 | Depths:1 | Noticed a golden dragon
 38575 | Depths:1 | Killed a golden dragon
 39052 | Depths:1 | Found a gateway to Hell.
 39368 | Depths:2 | Reached XP level 22. HP: 144/232 MP: 26/26
 39437 | Depths:2 | Found a gateway to a ziggurat.
 40561 | Depths:2 | Found a sparkling altar of Nemelex Xobeh.
 41862 | Depths:3 | Noticed a golden dragon
 42020 | Depths:3 | Killed a golden dragon
 42662 | Vaults:1 | Reached skill level 21 in Unarmed Combat
 42708 | Vaults:1 | Found a sacrificial altar of Ru.
 42720 | Vaults:1 | Found a gateway to a bazaar.
 42735 | Bazaar   | Entered a bazaar
 42736 | Bazaar   | Found Ixaomow's Antique Armour Emporium.
 42736 | Bazaar   | Found Beozomeck's Distillery.
 42737 | Bazaar   | Found Tesiuxt's Assorted Antiques.
 42768 | Bazaar   | Found Kasob's Book Boutique.
 42787 | Bazaar   | Bought a potion of magic for 56 gold pieces
 42787 | Bazaar   | Bought a potion of cancellation for 56 gold pieces
 42787 | Bazaar   | Bought a potion of curing for 21 gold pieces
 42787 | Bazaar   | Bought a potion of brilliance for 28 gold pieces
 42787 | Bazaar   | Bought 2 potions of agility for 56 gold pieces
 42787 | Bazaar   | Bought a potion of lignification for 21 gold pieces
 42787 | Bazaar   | Bought a potion of curing for 21 gold pieces
 42986 | Vaults:1 | Reached XP level 23. HP: 188/243 MP: 28/28
 43572 | Vaults:2 | Found a staircase to the Crypt.
 44823 | Vaults:3 | Noticed Boris
 44829 | Vaults:3 | Killed Boris
 44829 | Vaults:3 | Reached skill level 5 in Spellcasting
 44904 | Vaults:3 | Found Xyts's Book Shoppe.
 46484 | Vaults:4 | Reached skill level 10 in Translocations
 46578 | Vaults:4 | Found Ettitas's Armour Emporium.
 47243 | Vaults:4 | Reached XP level 24. HP: 247/256 MP: 30/30
 48050 | Vaults:4 | Reached skill level 22 in Unarmed Combat
 48280 | Vaults:5 | Entered Level 5 of the Vaults
 48561 | Vaults:5 | Noticed Mara
 48561 | Vaults:5 | Noticed an ancient lich
 48561 | Vaults:5 | Noticed Sojobo
 48561 | Vaults:5 | Noticed Boris
 48567 | Vaults:5 | Killed an ancient lich
 48580 | Vaults:5 | Killed Sojobo
 48580 | Vaults:5 | Reached skill level 1 in Invocations
 48584 | Vaults:5 | Killed Mara
 48586 | Vaults:5 | HP: 10/258 [vault warden/+3 great sword (19)]
 48590 | Vaults:5 | HP: 2/258 [quicksilver dragon/bolt of dispelling energy
                  | (29)]
 48596 | Vaults:5 | Reached XP level 25. HP: 17/266 MP: 31/31
 48601 | Vaults:5 | HP: 10/266 [deep elf high priest/divine providence (11)]
 48601 | Vaults:5 | Mangled by a phantasmal warrior

Levels and vault maps discovered:
D:1:      matt_arrival_refuge, layout_loops_ring
D:2:      layout_basic, minmay_tromino_v7
D:3:      layout_loops_ring, okawaru_metal_pillars_3, led_sif_pool, uniq_ijyb
D:4:      layout_loops_ring, lemuel_coloured_pillars_altar,
          minmay_temple_entry_hall, serial_shops, shop, st_stairs_4
D:5:      minmay_clustersquares, layout_rooms, cheibriados_altar_1,
          first_ration, nicolae_dithmenos_shadow_blocks
D:6:      minmay_cornered_nines, layout_basic, ashenzari_altar_1, serial_shops,
          shop, uniq_edmund
D:7:      layout_loops_ring, makhleb_heckhound_becter, grunt_livestock,
          nicolae_gozag_seed_capital
D:8:      layout_loops_ring, lemuel_zombie_altar_yredelemnul, zin_purify,
          lair_entry_dummy, nicolae_ossuary_entry_plus
D:9:      layout_cave_pods, vehumet_statue,
          chequers_temple_overflow_statue_of_worship, serial_glass,
          glass_columns_a, glass_columns_a, glass_columns_a, glass_columns_a,
          glass_columns_b, glass_columns_a, glass_columns_a, glass_columns_a,
          serial_shops, shop, chequers_big_river, corexii_corridor_pit
D:10:     layout_loops_ring, gammafunk_ghost_smash, serial_shops,
          nicolae_shop_statue_plus, lightli_church_of_beogh
D:11:     layout_cave_pools, david_orc_3, serial_shops, shop, kennysheep_dice,
          uniq_erica
D:12:     layout_grid_maze, serial_shops, nicolae_shop_crystal
D:13:     layout_rooms, serial_shops, shop
D:14:     layout_irregular_city, grunt_vaults_entry_fortified,
          serial_bayou_ford_a, nooodl_orcs_dogs
D:15:     gammafunk_enter_depths_forms, layout_basic, hangedman_glass_teeth,
          kennysheep_inner_square, uniq_louise, uniq_kirke, uniq_nessos
Lair:1:   layout_cave_pods
Lair:2:   layout_gridlike, basic_altar, gammafunk_ghost_hive
Lair:3:   layout_loops_ring, palyth_hydra_swamp_entry,
          spider_nest_entry_funnel_web, uniq_nergalle
Lair:4:   layout_regular_city, serial_bayou_shore_b
Lair:5:   layout_gridlike, slime_altar_1, guppyfry_lair_drakes
Lair:6:   evilmike_catoblepas_cave, layout_loops_ring,
          gammafunk_ghost_hydra_chop
Swamp:1:  layout_basic_swamp, nicolae_swamp_trees_clearing, swamp_pool4
Swamp:2:  layout_falls_marsh, evilmike_swamp_ruin_house_1, uniq_frances
Swamp:3:  layout_falls_marsh, nicolae_swamp_feature_on_the_river_bank,
          uniq_roxanne, uniq_nikola
Swamp:4:  grunt_swamp_rune_castle, layout_basic_swamp
Spider:1: layout_spider_delve, drop_trap
Spider:2: layout_spider_delve, uniq_agnes, uniq_jorgrun
Spider:3: layout_spider_delve, guppyfry_spider_mini_2,
          nicolae_spider_cling_halls, uniq_arachne
Spider:4: grunt_spider_rune_parallel, uniq_donald
Orc:1:    layout_caves, serial_shops, shop, uniq_snorg, uniq_josephine
Orc:2:    st_orc_mages, layout_caves, serial_shops, shop
Elf:1:    hangedman_cross_stitches, layout_onion_city, serial_glass,
          glass_columns_a, glass_columns_b, glass_columns_a, glass_columns_a,
          glass_columns_a, glass_columns_b, st_stairs_5
Elf:2:    layout_loops_cross, st_stairs_10, uniq_aizul, uniq_asterion
Elf:3:    minmay_elf_hall_statues, layout_geoelf_diagonals, serial_shops, shop,
          minmay_misc_feat_five, moated_statue, minivault_13
Vaults:1: vaults_room_guarded_vault, nicolae_vaults_big_angled_halls,
          grunt_vaults_funnel, ontoclasm_vaults_chip, v_misc_1, v_misc_27,
          nicolae_vaults_ninety_degrees, nicolae_vaults_rhombus_6,
          nicolae_vaults_mini_display_case, nicolae_vaults_rhombus_7, v_misc_16,
          hangedman_vaults_stretched_pinwheel, layout_vaults_ring, basic_altar,
          serial_shops, bzr_entry_customers
Vaults:2: v_misc_14, ontoclasm_vaults_misaligned, nicolae_vaults_three_branches,
          vaults_dpeg_spiral, minmay_crypt_entry_simple_box,
          ontoclasm_vaults_ring_square, vaults_standard_mumra_x,
          ontoclasm_vaults_ring_large, grunt_vaults_hallway_short,
          ontoclasm_vaults_hangar, hangedman_vaults_maws,
          layout_vaults_big_cross
Vaults:3: v_misc_33, nicolae_vaults_disjoint_gnomons, vaults_room_large_hall,
          nicolae_vaults_big_ls, nicolae_vaults_network_periphery,
          ontoclasm_vaults_twist, v_rooms_2, hangedman_vaults_maws,
          vaults_room_stairs_pillars, layout_vaults_omnibox, serial_shops,
          nicolae_shop_crystal, uniq_boris
Vaults:4: hangedman_vaults_slice, v_misc_12, v_alt_pattern_6,
          nicolae_vaults_asterisk, v_misc_26, st_greater_box_2,
          nicolae_vaults_little_ls, v_misc_11, v_rooms_6,
          nicolae_vaults_circle_grid_b, vaults_dpeg_encased_lava,
          nicolae_vaults_rhombus_7, grunt_vaults_hallway_long,
          ontoclasm_vaults_tryst, nicolae_vaults_little_squares_1,
          grunt_vaults_focal, nicolae_vaults_gold_heap, vaults_room_pools,
          nicolae_vaults_little_squares_1, layout_vaults_maze, serial_shops,
          shop
Vaults:5: uniq_sojobo, uniq_mara
Depths:1: layout_cave_pools, grunt_hell_entry_dis_mu,
          hangedman_abyss_or_decor_passed, statue_in_the_mist_lemuel,
          minmay_three_doors, grunt_megastairs_4
Depths:2: kennysheep_ogre_elephant_herders, layout_basic, enter_ziggurat_c,
          minmay_misc_feat_cross, pf_hell_entry_tar_river, nemelex_altar_shiori,
          infiniplex_staircase_x, uniq_bai_suzhen
Depths:3: minmay_the_grid_4x2 [minmay_the_grid_empty,
          minmay_the_grid_stretched_grid, minmay_the_grid_expand,
          minmay_the_grid_fan, minmay_the_grid_plusring, minmay_the_grid_mess,
          minmay_the_grid_x, minmay_the_grid_prize_diamond_cup],
          layout_cave_shapes, hangedman_decor_opposing, hell_entry,
          rand_demon_pan_entry_1

Skill      XL: |  1  2  3  4  5  6  7  8  9 10 11 12 13 14 15 16 17 18 19 20 21 22 23 24 |
---------------+-------------------------------------------------------------------------+-----
Unarmed Combat | 4 5 6 7 9 10 12 13 14 15 16 17 18 19 20 21 22 | 22.4
Fighting       | 3 4 5 6 7 8 9 11 12 13 14 15 16 17 18 | 18.3
Dodging        | 3 4 5 6 7 8 9 10 11 12 13 14 | 14.5
Armour         | 2 4 5 7 8 9 10 11 12 13 | 13.2
Translocations | 3 4 5 6 7 8 9 10 | 10.7
Transmutations | 1 3 4 5 6 7 8 9 |  9.8
Spellcasting   | 1 3 4 5 6 |  6.3
Invocations    | 1 |  1.3

Action                   |  1- 3 |  4- 6 |  7- 9 | 10-12 | 13-15 | 16-18 | 19-21 | 22-24 | 25-27 || total
-------------------------+-------+-------+-------+-------+-------+-------+-------+-------+-------++-------
Melee: Unarmed           |    97 |   162 |   285 |   612 |   950 |   559 |  1062 |  1103 |       ||  4830
       Punch             |       |     5 |     8 |    43 |   101 |    76 |   161 |   196 |       ||   590
       Kick              |       |       |       |       |       |       |   516 |   547 |       ||  1063
       Tailslap          |       |       |       |       |       |       |       |     2 |       ||     2
       Bite              |       |       |       |       |       |       |       |     1 |       ||     1
Throw: Throwing net      |       |       |       |       |       |     2 |       |     3 |       ||     5
 Cast: Blink             |       |       |       |       |     4 |    41 |    46 |     1 |       ||    92
       Dragon Form       |       |       |       |       |       |       |       |     1 |       ||     1
Invok: Berserk           |       |       |     3 |     7 |    21 |       |       |       |       ||    31
       Trog's Hand       |       |       |       |     1 |     6 |       |       |       |       ||     7
       Brothers in Arms  |       |       |       |     3 |     3 |       |       |       |       ||     6
       Slouch            |       |       |       |       |       |     1 |     4 |     5 |       ||    10
Evoke: Wand              |       |       |       |    20 |    28 |     7 |    79 |     8 |       ||   142
       Lightning rod     |       |       |       |       |     9 |     3 |       |       |       ||    12
       Box of beasts     |       |       |       |       |     4 |       |     8 |       |       ||    12
       Sack of spiders   |       |       |       |       |       |       |    12 |     1 |       ||    13
       Lamp of fire      |       |       |       |       |       |       |     3 |     1 |       ||     4
       Phial of floods   |       |       |       |       |       |       |       |     2 |       ||     2
  Use: Scroll            |       |       |     1 |    10 |    21 |    20 |    27 |    23 |       ||   102
       Potion            |       |       |       |       |     3 |     9 |    13 |    15 |     1 ||    41
 Stab: Distracted        |       |       |       |     1 |       |     1 |     5 |     1 |       ||     8
       Confused          |       |       |       |       |     3 |       |     1 |       |       ||     4
       Held in net/web   |       |       |       |       |       |     1 |     1 |       |       ||     2
       Sleeping          |       |       |       |       |       |       |     3 |     1 |       ||     4
       Paralysed         |       |       |       |       |       |       |     3 |       |       ||     3
  Eat: Chunk             |    15 |    14 |    26 |    76 |   117 |    33 |    67 |    62 |       ||   410
       Ration            |       |       |       |     3 |       |     1 |     3 |       |       ||     7
Armor: Animal skin       |    34 |    50 |    27 |       |       |       |       |       |       ||   111
       Quicksilver drago |       |       |    61 |   308 |   244 |       |       |       |       ||   613
       Troll leather arm |       |       |       |    14 |       |       |       |       |       ||    14
       Ice dragon scales |       |       |       |       |   202 |   298 |   362 |   287 |       ||  1149
       Robe              |       |       |       |       |       |       |    94 |       |       ||    94
       Storm dragon scal |       |       |       |       |       |       |       |   101 |     1 ||   102
       Skin              |       |       |       |       |       |       |       |     5 |       ||     5
Dodge: Dodged            |    58 |    58 |    95 |   288 |   513 |   482 |  1339 |   969 |     3 ||  3805
